 Dungeon Crawl Stone Soup version 0.30-a0-851-gbd0d260d8e (webtiles) character file.

Game seed: 13707005437969059115

17276 IndexError the Marksgargoyle (level 12, -2/84 HPs)
             Began as a Gargoyle Hunter on Mar 4, 2023.
             Was a Believer of Uskayaw.
             Slain by a minotaur
             ... wielding the +8 scimitar of Untimely Demise {drain, rF++ Str-4 Int+2 SInv}
              (33 damage)
             ... in a Gauntlet.
             The game lasted 00:29:58 (10321 turns).

IndexError the Marksgargoyle (Gargoyle Hunter)     Turns: 10321, Time: 00:29:58

Health: -2/84      AC: 20    Str: 16    XL:     12   Next: 46%
Magic:  14/14      EV: 12    Int: 15    God:    Uskayaw [**....]
Gold:   253        SH:  0    Dex: 23    Spells: 12/14 levels left

rFire   . . .      SeeInvis .    a - +7 sling of the Warrior {speed, rC+ Int+2}
rCold   + + +      Faith    .    (no shield)
rNeg    + . .      Spirit   .    G - +0 troll leather armour {regen}
rPois   ∞          Reflect  .    i - +2 helmet
rElec   +          Rampage  .    j - +2 cloak
rCorr   .          NoTele   +    (no gloves)
Will    .....                    q - +1 pair of boots "Cophade" {rC+ Int+3}
Stlth   ++                       e - amulet of regeneration {+regen, !d}
HPRegen 1.94/turn                f - ring of protection from cold {rC+, !d}
MPRegen 0.14/turn                C - +6 ring of dexterity

@: no status effects
A: sickness immunity, AC +8, negative energy resistance 1, electricity
resistance, torment resistance 1, petrification resistance
a: Renounce Religion, Stomp, Line Pass


You were in a Gauntlet.
You worshipped Uskayaw.
Uskayaw was noncommittal.
You visited 1 branch of the dungeon, and saw 12 of its levels.
You also visited: Ossuary and Gauntlet.

You collected 500 gold pieces.
You spent 247 gold pieces at shops.

Inventory:

Hand Weapons
 a - the +7 sling of the Warrior (weapon) {speed, rC+ Int+2}
   (You found it on level 2 of the Dungeon)

   Int:       It affects your intelligence (+2).
   rC:        It protects you from cold.
 v - a +1 shortbow
 Y - the +6 great sword of Zugargh {spect, rC- Str+3 Int+7}
   (You found it in a Gauntlet)

   Str:       It affects your strength (+3).
   Int:       It affects your intelligence (+7).
   rC:        It makes you vulnerable to cold.
Missiles
 r - a throwing net {=f, !d}
 A - 6 curare-tipped darts
Armour
 i - a +2 helmet (worn)
   (You found it on level 1 of the Dungeon)
 j - a +2 cloak (worn)
   (You found it on level 1 of the Dungeon)
 q - the +1 pair of boots "Cophade" (worn) {rC+ Int+3}
   (You bought it in a shop on level 7 of the Dungeon)

   Int:       It affects your intelligence (+3).
   rC:        It protects you from cold.
 E - the -2 hat of the Alchemist {rElec rPois rF+ rC+ rN+ Will+ rMut rCorr}
   (You acquired it on level 7 of the Dungeon)

   rF:        It protects you from fire.
   rC:        It protects you from cold.
   rElec:     It insulates you from electricity.
   rPois:     It protects you from poison.
   rN:        It protects you from negative energy.
   rCorr:     It protects you from acid and corrosion.
   rMut:      It protects you from mutation.
   Will:      It increases your willpower.
 G - a +0 troll leather armour (worn) {regen}
   (You found it on level 9 of the Dungeon)
 L - the +1 cloak "Ejiezod" {Dex+3}
   (You found it in a Gauntlet)

   Dex:       It affects your dexterity (+3).
 M - a +4 scale mail of poison resistance
   (You took it off Harold on level 10 of the Dungeon)
Jewellery
 e - an amulet of regeneration (around neck) {+regen, !d}
   (You found it on level 1 of the Dungeon)
 f - a ring of protection from cold (left hand) {rC+, !d}
   (You found it on level 1 of the Dungeon)
 t - an amulet of the acrobat
   (You found it on level 2 of the Dungeon)
 y - an amulet of reflection
   (You found it on level 8 of the Dungeon)
 B - a ring of positive energy {rN+}
   (You found it on level 3 of the Dungeon)
 C - a +6 ring of dexterity (right hand)
   (You found it on level 8 of the Dungeon)
 O - a ring of protection from cold {rC+, !d}
   (You found it on level 10 of the Dungeon)
 Q - a ring of wizardry {Wiz+, !d}
   (You found it in a Gauntlet)
 S - a ring of resist corrosion
   (You found it on level 7 of the Dungeon)
 W - a +6 ring of intelligence
   (You found it in a Gauntlet)
Wands
 m - a wand of mindburst (3)
   (You found it on level 10 of the Dungeon)
 N - a wand of flame (56)
   (You took it off Ijyb on level 5 of the Dungeon)
 R - a wand of polymorph (13)
   (You found it on level 6 of the Dungeon)
 U - a wand of charming (4)
   (You found it on level 11 of the Dungeon)
Scrolls
 b - 3 scrolls of immolation {!r}
 c - a scroll of enchant weapon
 k - 2 scrolls of amnesia
 n - 3 scrolls of fog
 s - 2 scrolls of silence
 w - a scroll of blinking {!r}
 z - 5 scrolls of poison
 D - 3 scrolls of teleportation
 P - 3 scrolls of fear
 X - a scroll of butterflies
 Z - a scroll of identify
Potions
 d - 14 potions of curing {unknown}
 g - 2 potions of cancellation {unknown}
 h - a potion of invisibility
 l - 2 potions of mutation {unknown}
 o - 5 potions of lignification {unknown}
 p - 6 potions of degeneration {!q}
 u - a potion of brilliance
 x - 5 potions of ambrosia
 F - 5 potions of magic
 H - 4 potions of attraction {unknown}
 I - 3 potions of resistance
 J - a potion of might
 K - 3 potions of flight
 V - 2 potions of heal wounds {unknown}


   Skills:
 - Level 13.0 Fighting
 - Level 16.0 Ranged Weapons
 - Level 1.5 Dodging
 - Level 1.1 Stealth
 + Level 1.8 Spellcasting
 + Level 1.7 Translocations
 * Level 3.4 Invocations


You had 12 spell levels left.
You knew the following spells:

 Your Spells              Type           Power      Damage    Failure   Level
b - Blink                 Tloc           12%        N/A       21%         2

Your spell library contained the following spells:

 Spells                   Type           Power      Damage    Failure   Level
 Apportation              Tloc           12%        N/A       14%         1
 Sting                    Tmut/Pois      4%         1d3       28%         1
 Poisonous Vapours        Pois/Air       2%         N/A       38%         2
 Stone Arrow              Conj/Erth      2%         3d7       63%         3
 Manifold Assault         Tloc           6%         N/A       80%         4
 Animate Armour           Summ/Erth      2%         N/A       95%         4
 Olgreb's Toxic Radiance  Pois           1%         N/A       95%         4
 Alistair's Intoxication  Tmut/Pois      0%         N/A       100%        5
 Storm Form               Tmut/Air       0%         N/A       100%        7
 Lehudib's Crystal Spear  Conj/Erth      0%         10d2      100%        8


Dungeon Overview and Level Annotations

Branches:
Dungeon (12/15)            Temple (0/1) D:5            Lair (0/5) D:11
    Orc (0/2) D:9         Ossuary (visited)         Gauntlet (1/1)

Altars:
Hepliaklqana
Kikubaaqudgha
Qazlal
Uskayaw
Vehumet
Zin
Jiyva

Shops:
D:7 [?   D:10 =

Annotations:
D:9 3 runed translucent doors, Oshino's ghost, novice GnCA Gauntlet 21 runed translucent doors, 6 transporters


Innate Abilities, Weirdness & Mutations

You are immune to sickness and miasma.
Your stone body is resilient. (AC +8)
You are immune to poison.
You resist negative energy. (rN+)
You are resistant to electric shocks. (rElec)
You are resistant to unholy torment.
You are immune to petrification.


Message History

There is a transporter here.
Your pack is full.
You see here a ring of wizardry {Wiz+, !d}.
You can't carry that many items.
Really drop
Q - a ring of protection from cold {rC+, !d}? [Y]es or [N]o only, please.
Really drop
Q - a ring of protection from cold {rC+, !d}?
Really drop
T - a ring of protection from fire {rF+, !d}? [Y]es or [N]o only, please.
Really drop
T - a ring of protection from fire {rF+, !d}?
You drop a ring of protection from cold {rC+, !d}.
You can no longer pass through a line of other dancers.
You drop a ring of protection from fire {rF+, !d}.
Q - a ring of wizardry {Wiz+, !d}
There is a transporter here.
You enter the transporter and appear at another place.
You open the door.
A minotaur comes into view.
It is wielding the +8 scimitar of Untimely Demise {drain, rF++ Str-4 Int+2 SInv}, wearing a +3 chain mail of fire resistance, wearing the ring of the Centipede {rElec Will+ Int+6 Dex+2 Slay-4} and quivering silver javelins.
Found a plate armour.
Found a gate leading back out of this place.
You shoot a sling bullet. The sling bullet hits the minotaur.
You shoot a sling bullet.
The sling bullet hits the minotaur but does no damage.
You shoot a sling bullet.
The sling bullet hits the minotaur but does no damage.
You shoot a sling bullet.
The sling bullet hits the minotaur but does no damage.
You shoot a sling bullet. The sling bullet hits the minotaur!!
You shoot a sling bullet. The sling bullet hits the minotaur!
You can now pass through a line of other dancers.
You shoot a sling bullet.
The sling bullet hits the minotaur but does no damage.
The minotaur throws a silver javelin.
The silver javelin completely misses you.
You shoot a sling bullet.
The sling bullet hits the minotaur but does no damage.
You shoot a sling bullet.
The sling bullet barely misses the minotaur.
You shoot a sling bullet. The sling bullet hits the minotaur.
You shoot a sling bullet.
The sling bullet hits the minotaur but does no damage.
The minotaur hits you but does no damage.
The minotaur gores you!
You take 11 damage, and have 73/84 hp.
You shoot a sling bullet.
The sling bullet barely misses the minotaur.
You shoot a sling bullet. The sling bullet hits the minotaur!
You shoot a sling bullet.
The sling bullet barely misses the minotaur.
The minotaur hits you with the +8 scimitar of Untimely Demise {drain, rF++ Str-4 Int+2 SInv}!!
The minotaur gores you but does no damage.
You take 21 damage, and have 53/84 hp.
MASSIVE DAMAGE!!
You shoot a sling bullet. The sling bullet hits the minotaur.
You shoot a sling bullet.
The sling bullet barely misses the minotaur.
The minotaur hits you with the +8 scimitar of Untimely Demise {drain, rF++ Str-4 Int+2 SInv}!
The minotaur gores you but does no damage.
You take 13 damage, and have 41/84 hp.
You are too injured to fight recklessly!
Fire: a) +7 sling of the Warrior {speed, rC+ Int+2}
Press: ? - help, Q - select action, (/) - cycle Shift-Dir - straight line, f/p - minotaur
Aim: a minotaur, wielding the +8 scimitar of Untimely Demise {drain, rF++ Str-4 Int+2 SInv}, wearing a +3 chain mail of fire resistance, wearing the ring of the Centipede {rElec Will+ Int+6 Dex+2 Slay-4} and quivering silver javelins (severely wounded, 83% to hit)
You shoot a sling bullet.
The sling bullet hits the minotaur but does no damage.
Fire: a) +7 sling of the Warrior {speed, rC+ Int+2}
Press: ? - help, Q - select action, (/) - cycle Shift-Dir - straight line, f/p - minotaur
Aim: a minotaur, wielding the +8 scimitar of Untimely Demise {drain, rF++ Str-4 Int+2 SInv}, wearing a +3 chain mail of fire resistance, wearing the ring of the Centipede {rElec Will+ Int+6 Dex+2 Slay-4} and quivering silver javelins (severely wounded, 83% to hit)
You shoot a sling bullet.
The sling bullet barely misses the minotaur.
Fire: a) +7 sling of the Warrior {speed, rC+ Int+2}
Press: ? - help, Q - select action, (/) - cycle Shift-Dir - straight line, f/p - minotaur
Aim: a minotaur, wielding the +8 scimitar of Untimely Demise {drain, rF++ Str-4 Int+2 SInv}, wearing a +3 chain mail of fire resistance, wearing the ring of the Centipede {rElec Will+ Int+6 Dex+2 Slay-4} and quivering silver javelins (severely wounded, 83% to hit)
You shoot a sling bullet. The sling bullet hits the minotaur.
The minotaur hits you with the +8 scimitar of Untimely Demise {drain, rF++ Str-4 Int+2 SInv}!
The minotaur gores you but does no damage.
You take 6 damage, and have 36/84 hp.
Fire: a) +7 sling of the Warrior {speed, rC+ Int+2}
Press: ? - help, Q - select action, (/) - cycle Shift-Dir - straight line, f/p - minotaur
Aim: a minotaur, wielding the +8 scimitar of Untimely Demise {drain, rF++ Str-4 Int+2 SInv}, wearing a +3 chain mail of fire resistance, wearing the ring of the Centipede {rElec Will+ Int+6 Dex+2 Slay-4} and quivering silver javelins (severely wounded, 83% to hit)
You shoot a sling bullet.
The sling bullet hits the minotaur but does no damage.
Fire: a) +7 sling of the Warrior {speed, rC+ Int+2}
Press: ? - help, Q - select action, (/) - cycle Shift-Dir - straight line, f/p - minotaur
Aim: a minotaur, wielding the +8 scimitar of Untimely Demise {drain, rF++ Str-4 Int+2 SInv}, wearing a +3 chain mail of fire resistance, wearing the ring of the Centipede {rElec Will+ Int+6 Dex+2 Slay-4} and quivering silver javelins (severely wounded, 83% to hit)
You shoot a sling bullet. The sling bullet hits the minotaur.
The minotaur hits you with the +8 scimitar of Untimely Demise {drain, rF++ Str-4 Int+2 SInv}!
The minotaur gores you but does no damage.
You take 7 damage, and have 30/84 hp.
Fire: a) +7 sling of the Warrior {speed, rC+ Int+2}
Press: ? - help, Q - select action, (/) - cycle Shift-Dir - straight line, f/p - minotaur
Aim: a minotaur, wielding the +8 scimitar of Untimely Demise {drain, rF++ Str-4 Int+2 SInv}, wearing a +3 chain mail of fire resistance, wearing the ring of the Centipede {rElec Will+ Int+6 Dex+2 Slay-4} and quivering silver javelins (severely wounded, 83% to hit)
You shoot a sling bullet.
The sling bullet barely misses the minotaur.
Fire: a) +7 sling of the Warrior {speed, rC+ Int+2}
Press: ? - help, Q - select action, (/) - cycle Shift-Dir - straight line, f/p - minotaur
Aim: a minotaur, wielding the +8 scimitar of Untimely Demise {drain, rF++ Str-4 Int+2 SInv}, wearing a +3 chain mail of fire resistance, wearing the ring of the Centipede {rElec Will+ Int+6 Dex+2 Slay-4} and quivering silver javelins (severely wounded, 83% to hit)
You shoot a sling bullet.
The sling bullet barely misses the minotaur.
The minotaur hits you with the +8 scimitar of Untimely Demise {drain, rF++ Str-4 Int+2 SInv}!!
You die...

#.##...#..#©..≈^.
#.##....8.#..#[.^≈≈.
.##....##...#..#≈.≈..≈
...##.##.8.#..#.≈≈≈..
#.##......#..#?p..≈≈
#....##...#..#######
######.##.##.©.#≈........
#∩...'.##......#∩........
####.H@.##.©.#≈........
#....##.##...#..#######
#....##.##......#..#.###.#
..## #....##.8.#..#....##
..##.##...#..#=###..
#.##....8.#..#.##..#
#....##...#..#©.#.##
#######≈8≈#..#.##..©
#####..#.##.##


You could see a minotaur.

Vanquished Creatures
  A quicksilver ooze (Gauntlet)
  Josephine (D:12)
  Harold (D:10)
  3 two-headed ogres
  Pikel (D:7)
  An orange crystal statue (Gauntlet)
  2 cyclopes
  A manticore (D:12)
  A necromancer (Gauntlet)
  An ugly thing (D:12)
  Maurice (D:8)
  2 unseen horrors
  4 trolls
  Grinder (D:5)
  3 slime creatures (D:6)
  5 shadows
  6 wraiths
  A water elemental (D:11)
  A basilisk (D:11)
  6 yaks (D:10)
  A vampire (D:9)
  A steam dragon (D:7)
  An acid dragon (D:9)
  Duvessa (D:4)
  A water moccasin (D:7)
  An orc warrior (D:11)
  2 ogres
  8 centaurs
  8 wolves
  A phantom (D:6)
  A lemure (D:7)
  8 kobold brigands
  4 bullfrogs
  A gnoll sergeant (D:5)
  9 wights
  Dowan (D:4)
  3 howler monkeys (D:8)
  3 electric eels (D:11)
  2 centaur zombies (Ossuary)
  8 hounds
  9 jellies
  2 gnoll boudas
  A human zombie (Ossuary)
  7 orc priests
  4 iguanas
  Ijyb (D:5)
  A sleepcap (D:7)
  6 orc wizards
  6 mummies (Ossuary)
  12 gnolls
  5 adders
  A shadow imp (D:7)
  2 white imps
  An ufetubus (D:5)
  A worm (D:5)
  28 orcs
  8 ball pythons
  5 bats
  12 endoplasms
  4 giant cockroaches
  12 hobgoblins
  4 frilled lizards
  8 goblins
  2 hobgoblin zombies (Ossuary)
  26 kobolds
  A kobold zombie (Ossuary)
  2 orc zombies (Ossuary)
  6 rats
  A spectral hobgoblin (D:7)
286 creatures vanquished.

Vanquished Creatures (others)
  5 fungi (D:6)
  7 toadstools (D:6)
12 creatures vanquished.

Grand Total: 298 creatures vanquished

Notes
Turn   | Place    | Note
-------+----------+-------------------------------------------
     0 | D:1      | IndexError the Gargoyle Hunter began the quest for the Orb.
     0 | D:1      | Reached XP level 1. HP: 12/12 MP: 1/1
   105 | D:1      | Reached XP level 2. HP: 18/18 MP: 2/2
   439 | D:1      | Reached XP level 3. HP: 22/22 MP: 3/3
   656 | D:2      | Found a faded altar of an unknown god.
   659 | D:2      | Prayed at the altar of an unknown god.
   659 | D:2      | Became a worshipper of Uskayaw the Reveller
   659 | D:2      | Reached * piety under Uskayaw
   783 | D:2      | Identified the +7 sling of the Warrior {speed, rC+ Int+2}
   833 | D:2      | Reached skill level 3 in Fighting
   957 | D:2      | Reached ** piety under Uskayaw
   958 | D:2      | Reached skill level 5 in Ranged Weapons
   986 | D:2      | Found a radiant altar of Vehumet.
  1149 | D:3      | Reached XP level 4. HP: 24/28 MP: 4/4
  1546 | D:3      | Reached XP level 5. HP: 32/32 MP: 5/5
  1840 | D:4      | Noticed Duvessa
  1840 | D:4      | Noticed Dowan
  2081 | D:4      | Reached *** piety under Uskayaw
  2084 | D:4      | Reached **** piety under Uskayaw
  2085 | D:4      | Reached skill level 6 in Ranged Weapons
  2113 | D:4      | Killed Duvessa
  2114 | D:4      | Reached skill level 4 in Fighting
  2114 | D:4      | Reached XP level 6. HP: 38/39 MP: 6/6
  2119 | D:4      | Killed Dowan
  2183 | D:4      | Reached skill level 7 in Ranged Weapons
  2280 | D:4      | Reached skill level 5 in Fighting
  2280 | D:4      | Reached XP level 7. HP: 40/44 MP: 7/7
  2712 | D:5      | Entered Level 5 of the Dungeon
  2762 | D:5      | Found a staircase to the Ecumenical Temple.
  2769 | D:5      | Noticed Grinder
  2769 | D:5      | Paralysed by Grinder for 2 turns
  2781 | D:5      | Killed Grinder
  2856 | D:5      | Found a sand-covered staircase.
  2863 | Ossuary  | Entered an ossuary
  2946 | Ossuary  | Reached skill level 8 in Ranged Weapons
  3080 | Ossuary  | Reached XP level 8. HP: 51/51 MP: 8/8
  3102 | D:5      | Noticed Ijyb
  3106 | D:5      | Killed Ijyb
  3142 | D:5      | Reached skill level 6 in Fighting
  3818 | D:5      | Reached skill level 9 in Ranged Weapons
  3880 | D:5      | HP: 11/52 [gnoll/+0 flail[a gnoll sergeant] (10)]
  4058 | D:6      | Reached skill level 7 in Fighting
  4114 | D:6      | Reached ***** piety under Uskayaw
  4227 | D:6      | Reached skill level 10 in Ranged Weapons
  4227 | D:6      | Reached XP level 9. HP: 57/57 MP: 9/9
  4357 | D:6      | Reached skill level 8 in Fighting
  4367 | D:6      | Reached skill level 11 in Ranged Weapons
  4706 | D:7      | Found Esor's Antique Armour Shop.
  4716 | D:7      | Bought a pair of smoking boots for 247 gold pieces
  4716 | D:7      | Identified the +1 pair of boots "Cophade" {rC+ Int+3} (You
                  | bought it in a shop on level 7 of the Dungeon)
  4808 | D:7      | Noticed a cyclops
  4817 | D:7      | Reached ****** piety under Uskayaw
  4824 | D:7      | Killed a cyclops
  4825 | D:7      | Reached skill level 9 in Fighting
  4825 | D:7      | Reached skill level 12 in Ranged Weapons
  4825 | D:7      | Reached XP level 10. HP: 49/66 MP: 10/10
  4834 | D:7      | Identified a scroll of acquirement
  4834 | D:7      | Acquired the -2 hat of the Alchemist {rElec rPois rF+ rC+
                  | rN+ Will+ rMut rCorr}
  4834 | D:7      | Found the -2 hat of the Alchemist {rElec rPois rF+ rC+ rN+
                  | Will+ rMut rCorr}
  4937 | D:7      | Found a hazy altar of Hepliaklqana.
  4974 | D:7      | Found a stormy altar of Qazlal.
  5051 | D:7      | Found Kyjets's Magic Scroll Boutique.
  5262 | D:7      | Noticed Pikel
  5275 | D:7      | Killed Pikel
  5536 | D:8      | Noticed Maurice
  5549 | D:8      | Killed Maurice
  5550 | D:8      | Reached skill level 13 in Ranged Weapons
  5727 | D:8      | Reached skill level 10 in Fighting
  6035 | D:8      | Noticed a cyclops
  6047 | D:8      | Killed a cyclops
  6430 | D:9      | Noticed a two-headed ogre
  6446 | D:9      | Killed a two-headed ogre
  6527 | D:9      | Reached XP level 11. HP: 73/73 MP: 11/11
  6837 | D:9      | Found a runed translucent gate.
  6838 | D:9      | Found a runed translucent gate.
  6839 | D:9      | Found a runed translucent gate.
  6842 | D:9      | Found a viscous altar of Jiyva.
  6842 | D:9      | Noticed Oshino's ghost (novice GnCA)
  6856 | D:9      | Found a staircase to the Orcish Mines.
  6922 | D:9      | Reached skill level 14 in Ranged Weapons
  7302 | D:10     | Entered Level 10 of the Dungeon
  7469 | D:10     | Reached skill level 11 in Fighting
  7493 | D:10     | Noticed Harold
  7531 | D:10     | Killed Harold
  7625 | D:10     | Noticed a two-headed ogre
  7634 | D:10     | Killed a two-headed ogre
  7671 | D:10     | Found Nosu's Jewellery Boutique.
  7719 | D:10     | Found a glowing silver altar of Zin.
  7719 | D:10     | Found an ancient bone altar of Kikubaaqudgha.
  8744 | D:11     | Reached skill level 15 in Ranged Weapons
  8783 | D:11     | Noticed a two-headed ogre
  8794 | D:11     | Killed a two-headed ogre
  9100 | D:11     | Reached skill level 12 in Fighting
  9109 | D:11     | Found a staircase to the Lair.
  9358 | D:12     | Noticed Josephine
  9366 | D:12     | Killed Josephine
  9367 | D:12     | Reached XP level 12. HP: 70/81 MP: 12/12
  9402 | D:12     | Reached skill level 16 in Ranged Weapons
  9747 | D:12     | Reached skill level 13 in Fighting
  9779 | D:12     | Found a gate leading to a gauntlet.
  9788 | Gauntlet | Entered a Gauntlet
  9788 | Gauntlet | Found a large runed translucent door.
  9788 | Gauntlet | Found a large runed translucent door.
  9788 | Gauntlet | Found a large runed translucent door.
  9788 | Gauntlet | Found a large runed translucent door.
  9788 | Gauntlet | Found a large runed translucent door.
  9788 | Gauntlet | Found a large runed translucent door.
  9788 | Gauntlet | Found a large runed translucent door.
  9788 | Gauntlet | Found a large runed translucent door.
  9788 | Gauntlet | Found a runed translucent door.
  9788 | Gauntlet | Found a runed translucent gate.
  9788 | Gauntlet | Found a transporter.
  9788 | Gauntlet | Found a transporter.
  9788 | Gauntlet | Found a runed translucent gate.
  9788 | Gauntlet | Found a transporter.
  9792 | Gauntlet | Found a transporter.
  9792 | Gauntlet | Found a transporter.
  9792 | Gauntlet | Found a transporter.
  9798 | Gauntlet | Noticed a quicksilver ooze
  9804 | Gauntlet | Found a transporter.
  9806 | Gauntlet | Found a transporter.
  9812 | Gauntlet | Noticed a death yak
  9813 | Gauntlet | Noticed a death yak
  9816 | Gauntlet | Found a transporter.
  9816 | Gauntlet | Found the +10 Black Knight's barding {ponderous, rPois rN+}
  9817 | Gauntlet | Noticed a death yak
  9891 | Gauntlet | Found a runed translucent door.
  9892 | Gauntlet | Found a large runed translucent door.
  9892 | Gauntlet | Found a large runed translucent door.
  9892 | Gauntlet | Found a large runed translucent door.
  9892 | Gauntlet | Found a large runed translucent door.
  9893 | Gauntlet | Found a large runed translucent door.
  9893 | Gauntlet | Found a large runed translucent door.
  9894 | Gauntlet | Found a large runed translucent door.
  9894 | Gauntlet | Found a large runed translucent door.
  9903 | Gauntlet | Found a runed translucent gate.
  9921 | Gauntlet | Found a transporter.
  9923 | Gauntlet | Found a transporter.
  9933 | Gauntlet | Found a transporter.
 10038 | Gauntlet | Learned a level 2 spell: Blink
 10048 | Gauntlet | Reached skill level 1 in Invocations
 10059 | Gauntlet | Reached skill level 1 in Spellcasting
 10059 | Gauntlet | Reached skill level 2 in Invocations
 10088 | Gauntlet | Killed a quicksilver ooze
 10089 | Gauntlet | Reached skill level 1 in Translocations
 10210 | Gauntlet | Identified the +1 cloak "Ejiezod" {Dex+3}
 10228 | Gauntlet | Identified the +6 great sword of Zugargh {spect, rC- Str+3
                  | Int+7}
 10235 | Gauntlet | Noticed a soul eater
 10274 | Gauntlet | Reached skill level 3 in Invocations
 10296 | Gauntlet | Identified the +8 scimitar of Untimely Demise {drain, rF++
                  | Str-4 Int+2 SInv}
 10296 | Gauntlet | Identified the ring of the Centipede {rElec Will+ Int+6
                  | Dex+2 Slay-4}
 10296 | Gauntlet | Noticed a minotaur
 10321 | Gauntlet | Slain by a minotaur

Illustrated notes

Levels and vault maps discovered:
D:1:      dpeg_arrival_stonehenge_8_columns, layout_loops_ring,
          minmay_misc_feat_x, minmay_misc_feat_room, kennysheep_small_spiral
D:2:      layout_rooms, basic_altar, nicolae_ecumenical_pavilion
D:3:      layout_basic
D:4:      layout_loops_corners, uniq_duvessa
D:5:      layout_loops_cross, minmay_temple_entry_hall,
          lightli_ossuary_entry_decrepit_ruins, uniq_ijyb, uniq_grinder
D:6:      cheibrodos_fertilizer, layout_rooms
D:7:      layout_layer_cave, lemuel_doored_altar,
          nicolae_hepliaklqana_monster_ancestors, serial_shops,
          nicolae_diamond_shop, nicolae_shop_advertising_works
          [nicolae_subvault_shop_adworks], uniq_pikel
D:8:      layout_basic, nicolae_concentric_dashed_squares_wild, st_stairs_1,
          uniq_maurice
D:9:      layout_loops_ring, orc_0_dummy, gammafunk_ghost_ooze
D:10:     layout_basic, nicolae_overflow_two_pavilions, serial_shops, shop,
          nicolae_two_hexagons, uniq_harold
D:11:     layout_loops_corners, erik_lair_island
D:12:     layout_stronghold, gauntlet_entry_generic,
          nicolae_trove_entry_crystal, uniq_josephine
Gauntlet: gammafunk_gauntlet_hard_choice
          [gammafunk_gauntlet_arena_split_diamond,
          minmay_gauntlet_arena_make_your_own_arena,
          gammafunk_gauntlet_arena_teeth, nicolae_gauntlet_arena_blocks,
          gammafunk_gauntlet_arena_crates, nicolae_gauntlet_arena_flowing_pool,
          gauntlet_exit_green]

Skill      XL: |  1  2  3  4  5  6  7  8  9 10 11 12 |
---------------+-------------------------------------+-----
Fighting       | 3 4 5 7 9 10 12 13 | 13.0
Ranged Weapons | 5 6 7 8 10 12 13 15 16 | 16.0
Invocations    | 3 |  3.4
Spellcasting   | 1 |  1.8
Translocations | 1 |  1.7
Dodging        | |  1.5
Stealth        | |  1.1

Action                     |  1- 3 |  4- 6 |  7- 9 | 10-12 || total
---------------------------+-------+-------+-------+-------++-------
   Fire: Shortbow          |    78 |       |       |       ||    78
         Sling             |    16 |    84 |   373 |   669 ||  1142
 Invoke: Grand Finale      |       |       |       |     1 ||     1
    Use: Scroll            |       |       |       |    23 ||    23
         Potion            |       |       |       |     2 ||     2
 Armour: Leather armour    |     7 |     5 |    39 |    14 ||    65
         Troll leather arm |       |       |       |    68 ||    68
  Dodge: Dodged            |     5 |     9 |    37 |    48 ||    99

Table legend: (Time is in decaauts)
 A = Elapsed time spent in this place.
 B = Non-inter-level travel time spent in this place.
 C = Inter-level travel time spent in this place.
 D = Time resting spent in this place.
 E = Time spent auto-exploring this place.
 F = Levels seen in this place.
 G = Mean time per level.
                   A        B        C        D        E       F      G
               +--------+--------+--------+--------+--------+-----+--------+
         Total |   9801 |   8762 |   1039 |      0 |   6949 |  14 |  700.1 |
       Dungeon |   9131 |   8092 |   1039 |      0 |   6562 |  12 |  760.9 |
       Ossuary |    209 |    209 |      0 |      0 |    124 |   1 |  209.0 |
      Gauntlet |    460 |    460 |      0 |      0 |    262 |   1 |  460.0 |
               +--------+--------+--------+--------+--------+-----+--------+

Top non-repeatable levels by time:
     D:9: 983 daAuts
    D:11: 925 daAuts
     D:8: 922 daAuts
     D:5: 915 daAuts
    D:10: 885 daAuts
     D:4: 832 daAuts
     D:6: 740 daAuts
     D:7: 681 daAuts
     D:3: 680 daAuts
     D:1: 671 daAuts
     D:2: 524 daAuts
Gauntlet: 460 daAuts
    D:12: 368 daAuts
 Ossuary: 209 daAuts

Table legend:
 A = Kills in this place as a percentage of kills in the entire game.
 B = Kills by you in this place as a percentage of kills by you in the entire game.
 C = Kills by friends in this place as a percentage of kills by friends in the entire game.
 D = Other kills in this place as a percentage of other kills in the entire game.
 E = Experience gained in this place as a percentage of experience gained in the entire game.
 F = Experience gained in this place divided by the number of levels of this place that you have seen.
                   A       B       C       D       E      F
               +-------+-------+-------+-------+-------+----------------------
         Total | 100.0 | 100.0 |   N/A |   N/A | 100.0 | 1762.9
       Dungeon |  92.3 |  92.3 |   N/A |   N/A |  87.3 | 1794.9
       Ossuary |   4.9 |   4.9 |   N/A |   N/A |   1.0 | 248.0
      Gauntlet |   2.8 |   2.8 |   N/A |   N/A |  11.7 | 2894.0
               +-------+-------+-------+-------+-------+----------------------
